 Dungeon Crawl Stone Soup version 0.21.1-1-g345015fe64 (webtiles) character file.

708 Htamos the Magician (level 7, -5/41 HPs)
             Began as an Octopode Wizard on July 15, 2018.
             Killed from afar by Blork the orc (8 damage)
             ... with a magic dart
             ... on level 6 of the Dungeon.
             The game lasted 00:17:01 (9376 turns).

Htamos the Magician (Octopode Wizard)               Turns: 9376, Time: 00:17:01

Health: -5/41      AC:  1    Str:  7    XL:     7   Next: 67%
Magic:  0/14       EV: 10    Int: 22    God:
Gold:   150        SH:  6    Dex: 10    Spells: 13/16 levels left

rFire    . . .     SeeInvis .   D - -3 whip
rCold    . . .     Gourm    .   v - +0 shield
rNeg     . . .     Faith    .   a - +0 hat
rPois    .         Spirit   .   s - amulet of rage
rElec    .         Reflect  .   (no ring)
rCorr    .         Harm     .   (no ring)
MR       .....                  (no ring)
Stlth    +++.......             (no ring)
HPRegen  0.13/turn              (no ring)
MPRegen  0.14/turn              (no ring)
                                (no ring)
                                (no ring)

@: no status effects
A: almost no armour, stealthy swim, amphibious, 8 rings, constrict 8, camouflage
1, gelatinous body 1
a: Evoke Berserk Rage


You were on level 6 of the Dungeon.
You were not hungry.

You visited 1 branch of the dungeon, and saw 6 of its levels.

You collected 150 gold pieces.

Inventory:

Hand Weapons
 f - a +0 short sword
 k - a +2 hunting sling of flaming
 D - a -3 whip (weapon)
Missiles
 l - 125 stones (quivered)
 q - 2 poisoned tomahawks
Armour
 a - a +0 hat (worn)
 v - a +0 shield (worn)
Jewellery
 s - an amulet of rage (around mantle)
Wands
 u - a wand of iceblast (7)
 y - a wand of acid (7)
Scrolls
 d - 2 scrolls of identify
 i - a scroll of remove curse
 o - a scroll of teleportation {unknown}
 p - 2 scrolls of enchant weapon {unknown}
 r - a scroll of random uselessness {unknown}
 w - a scroll of immolation {unknown}
 x - a scroll of blinking {unknown}
 C - a scroll of noise {unknown}
Potions
 e - 3 potions of curing
 g - a potion of brilliance {unknown}
 h - 3 potions of heal wounds {unknown}
 j - a potion of flight {unknown}
 m - a potion of haste {unknown}
 n - 2 potions of lignification {unknown}
 z - a potion of cancellation {unknown}
 A - 2 potions of agility {unknown}
 B - a potion of might {unknown}
Books
 b - a book of Minor Magic

   Spells                             Type                      Level
   a - Magic Dart                     Conjuration                  1
   b - Blink                          Translocation                2
   c - Call Imp                       Summoning                    2
   d - Slow                           Hexes                        2
   e - Conjure Flame                  Conjuration/Fire             3
   f - Mephitic Cloud                 Conjuration/Poison/Air       3
 t - a book of Cantrips

   Spells                             Type                      Level
   a - Confusing Touch                Hexes                        1
   b - Animate Skeleton               Necromancy                   1
   c - Summon Small Mammal            Summoning                    1
   d - Apportation                    Translocation                1
Comestibles
 c - 6 rations


   Skills:
 - Level 2.0 Dodging
 - Level 2.6 Stealth
 - Level 5.0 Spellcasting
 + Level 4.8 Conjurations
 + Level 4.8 Summonings
   Level 1.0 Translocations


You had 13 spell levels left.
You knew the following spells:

 Your Spells              Type           Power        Failure   Level  Hunger
a - Magic Dart            Conj           ####         10%         1    None
b - Call Imp              Summ           ####....     14%         2    None


Dungeon Overview and Level Annotations

Branches:
Dungeon (6/15)
 Temple: D:4-7

Altars:
Xom

Annotations:
D:6 Blork the orc


Innate Abilities, Weirdness & Mutations

You cannot wear most types of armour.
You are very stealthy in the water. (Stealth+)
You are amphibious.
You can wear up to eight rings at the same time.
You can use your tentacles to constrict eight enemies at once.
Your skin changes colour to match your surroundings (Stealth+).
Your rubbery body absorbs attacks. (AC +1, EV +1)


Message History

Blork the orc is no longer moving quickly.
Blork the orc casts a spell at you. The puff of flame hits you!
* * * LOW HITPOINT WARNING * * *
Blork the orc casts a spell.
Blork the orc seems to speed up.
Your white imp gestures at Blork the orc.
The puff of frost hits Blork the orc.
Blork the orc resists.
Blork the orc begins to cast a cantrip, but forgets the words!
There is a stone staircase leading down here.
Casting: Call Imp
Confirm with . or Enter, or press ? or * to list all spells.
A beastly little devil appears in a puff of flame.
* * * LOW MAGIC WARNING * * *
Blork the orc points at you and mumbles some strange words.
The puff of flame hits you!
* * * LOW HITPOINT WARNING * * *
Blork the orc gestures at you while chanting.
The magic dart hits you!
You die...

............... ..#
#######.####### #.#. #.#
#.#. #5# #.#. #.# #.#.
#o# #.#. #.#########.#.
..#########5..........#.
.....5.@.o..............
#.#####################.
........ ########


You could see Blork the orc, a friendly crimson imp and a friendly white imp.

Vanquished Creatures
  A phantom (D:5)
  A bullfrog (D:5)
  A scorpion (D:4)
  An orc priest (D:5)
  An iguana (D:6)
  A hound skeleton (D:5)
  7 adders
  2 shadow imps
  An ooze (D:6)
  A worm (D:2)
  2 dart slugs
  2 leopard geckos
  4 orcs (D:3)
  5 giant cockroaches
  9 goblins
  6 hobgoblins
  10 jackals
  A quokka (D:1)
  2 ball pythons
  7 bats
  5 frilled lizards
  A jackal skeleton (D:5)
  8 kobolds
  A leopard gecko skeleton (D:5)
  18 rats
98 creatures vanquished.

Vanquished Creatures (collateral kills)
  The ghost of tensugalgo the Sneak, an amateur NaAs (D:4)
  The ghost of Salt the Firebug, an amateur DrFE (D:3)
  An ogre (D:4)
  A scorpion (D:3)
  2 orc wizards (D:4)
  A hound (D:6)
  An orc priest (D:4)
  An adder (D:5)
  A shadow imp (D:5)
  An adder skeleton (D:4)
  A worm (D:4)
  2 leopard geckos (D:3)
  9 orcs
  A giant cockroach (D:3)
  A hobgoblin (D:5)
  2 jackals
  A ball python (D:4)
28 creatures vanquished.

Vanquished Creatures (others)
  8 fungi (D:5)
8 creatures vanquished.

Grand Total: 134 creatures vanquished

Notes
Turn   | Place    | Note
-------+----------+-------------------------------------------
     0 | D:1      | Htamos the Octopode Wizard began the quest for the Orb.
     0 | D:1      | Reached XP level 1. HP: 11/11 MP: 4/4
   497 | D:1      | Reached XP level 2. HP: 17/17 MP: 0/6
  1488 | D:1      | Reached XP level 3. HP: 21/21 MP: 0/8
  1489 | D:1      | Reached skill level 4 in Spellcasting
  1722 | D:1      | Learned a level 2 spell: Call Imp
  1994 | D:2      | Found a shimmering altar of Xom.
  2384 | D:2      | Reached XP level 4. HP: 27/27 MP: 4/10
  3795 | D:2      | Reached skill level 5 in Spellcasting
  4234 | D:3      | Reached XP level 5. HP: 31/31 MP: 1/12
  5185 | D:3      | Noticed Salt's ghost (amateur DrFE)
  5696 | D:4      | Noticed tensugalgo's ghost (amateur NaAs)
  5926 | D:3      | Reached XP level 6. HP: 21/36 MP: 6/13
  6517 | D:3      | Killed Salt's ghost
  6921 | D:4      | Killed tensugalgo's ghost
  7091 | D:4      | Reached XP level 7. HP: 21/41 MP: 10/14
  7686 | D:5      | Entered Level 5 of the Dungeon
  9322 | D:6      | Noticed Blork the orc
  9376 | D:6      | Killed from afar by Blork the orc

Skill      XL: |  1  2  3  4  5  6  7 |
---------------+----------------------+-----
Spellcasting   | 4 5 |  5.0
Conjurations   | 2 3 4 |  4.8
Summonings     | 2 3 4 |  4.8
Dodging        | |  2.0
Stealth        | |  2.6
Translocations | |  1.0

Action                   |  1- 3 |  4- 6 |  7- 9 || total
-------------------------+-------+-------+-------++-------
Melee: Unarmed           |     5 |       |       ||     5
       Constrict         |     9 |     9 |     2 ||    20
       Tentacles         |     7 |     2 |     3 ||    12
       Short sword       |    18 |    28 |    15 ||    61
 Cast: Magic Dart        |    95 |   143 |    57 ||   295
       Call Imp          |       |    53 |    30 ||    83
  Use: Potion            |       |     1 |       ||     1
       Scroll            |       |       |     3 ||     3
  Eat: Chunk             |     4 |    12 |     4 ||    20
       Ration            |       |     1 |     1 ||     2
Armor: Skin              |     7 |     3 |       ||    10
Dodge: Dodged            |    35 |    69 |    16 ||   120
Block: Shield            |       |       |     8 ||     8
